 Dungeon Crawl Stone Soup version 0.30.0-20-g3615ddf2f0 (webtiles) character file.

Game seed: 9114156810631594383

101 qw the Chopper (level 4, -4/28 HPs)
             Began as a Gargoyle Fighter on May 27, 2023.
             Shot with an arrow by a centaur (7 damage)
             ... on level 6 of the Dungeon.
             The game lasted 00:01:09 (2491 turns).

qw the Chopper (Gargoyle Fighter)                   Turns: 2491, Time: 00:01:09

Health: -4/28      AC: 10    Str: 21    XL:     4   Next: 75%
Magic:  4/4        EV:  9    Int:  9    God:
Gold:   109        SH:  4    Dex:  9    Spells: 3/3 levels left

rFire   . . .        Y - +0 war axe
rCold   . . .        c - +0 buckler
rNeg    + . .        b - +0 scale mail
rPois   inf          (no helmet)
rElec   +            (no cloak)
rCorr   .            (no gloves)
SInv    .            (no boots)
Will    .....        (no amulet) Stlth
                     (no ring)
HPRegen 0.24/turn    (no ring)
MPRegen 0.09/turn

%: no passive effects
@: about to teleport
A: sickness immunity, AC +3, negative energy resistance 1, electricity
resistance, torment resistance 1, petrification resistance
a: no special abilities


You were on level 6 of the Dungeon.
You visited 1 branch of the dungeon, and saw 4 of its levels.

You collected 109 gold pieces.


Innate Abilities, Weirdness & Mutations

You are immune to sickness and miasma.
Your stone body is resilient. (AC +3)
You are immune to poison.
You resist negative energy. (rN+)
You are resistant to electric shocks. (rElec)
You are resistant to unholy torment.
You are immune to petrification.


   Skills:
 - Level 3.2 Fighting
 + Level 4.3 Axes
 - Level 3.2 Armour
 - Level 3.2 Shields


You had 3 spell levels left.
You didn't know any spells.
Your spell library was empty.

Inventory:

Hand Weapons
 f - a +0 mace
 Y - a +0 war axe (weapon)
Armour
 b - a +0 scale mail (worn)
 c - a +0 buckler (worn)
Scrolls
 e - a scroll of identify
 g - a scroll of enchant weapon {unknown}
 l - a scroll of fear {unknown}
Potions
 d - a potion of might
 h - a potion of attraction {unknown}
 i - a potion of ambrosia {unknown}
 j - a potion of mutation {unknown}
 k - a potion of invisibility {unknown}

Dungeon Overview and Level Annotations

Branches:
Dungeon (3/15)

Altars:


Message History

You closely miss the orc. You barely miss the orc.
The orc barely misses you. x2
You slash the orc!
You kill the orc!
You hit the orc but do no damage. The orc hits you with a +0 dagger.
You barely miss the orc. The orc hits you but does no damage.
The orc hits you with a +0 dagger.
You closely miss the orc. The orc completely misses you.
You slash the orc!
You kill the orc!
You start resting.
HP restored.
Items here: % )) [.
You now have 96 gold pieces (gained 19).
Found a rapier.
l - a scroll labelled JIWKI RUEMUH You now have 109 gold pieces (gained 13).
You hear a distant slurping noise.
An orc wizard comes into view. It is wielding a +0 dagger.
2469 ||| Stepping ~*~*~tactically~*~*~ (stealth).
A centaur comes into view.
The centaur shouts!
The centaur wields a +0 shortbow.
The centaur shoots an arrow.
The arrow hits you.
Found a stone staircase leading down.
The centaur shoots an arrow.
The arrow hits you.
An orc wizard comes into view. It is wielding a +0 dagger.
The orc wizard shouts!
The centaur shoots an arrow.
The arrow hits you!
The orc wizard shouts!
You hear a shout!
The centaur shoots an arrow.
The arrow hits you!
The centaur shoots an arrow.
The arrow closely misses you.
2491 ||| READING scroll of teleportation.
As you read the scroll of teleportation, it crumbles to dust.
You feel strangely unstable.
An orc comes into view. It is wielding a +0 whip.
The centaur shoots an arrow.
The arrow hits you!
You die...

######## . #
#......# .. #.
#.###.## o..#.##
#.# #.#
..o....####.###.#
#..............#
#...o.@####.####
#..c...# #.#
#......# #.#
#......# #.#
..>..##.# #.#
##.## #.# #.# #.
..# #.# #.# ###
#.# #.# #.#


You could see a centaur, 2 orc wizards and an orc.

Vanquished Creatures
  4 adders
  2 dart slugs
  3 orcs (D:6)
  6 ball pythons (D:1)
  3 endoplasms
  2 giant cockroaches
  4 goblins
  5 hobgoblins
  2 jackals (D:1)
  5 quokkas
  9 bats
  2 frilled lizards
  5 kobolds
  3 rats
55 creatures vanquished.

Notes
Turn   | Place    | Note
-------+----------+-------------------------------------------
     0 | D:1      | qw the Gargoyle Fighter began the quest for the Orb.
     0 | D:1      | Reached XP level 1. HP: 14/14 MP: 1/1
     0 | D:1      | 0 ||| qw: Version: 0.2-a-99-gce666ed
     0 | D:1      | 0 ||| qw: Game counter: 167
     0 | D:1      | 0 ||| qw: Always use a shield: true
     0 | D:1      | 0 ||| qw: God list: Okawaru
     0 | D:1      | 0 ||| qw: Allow faded altars: false
     0 | D:1      | 0 ||| qw: Do Orc after D:15 true
     0 | D:1      | 0 ||| qw: Do second Lair branch before Depths: true
     0 | D:1      | 0 ||| qw: Lair rune preference: random
     0 | D:1      | 0 ||| qw: Plans: Normal, Zot:1-4, God:TSO, Crypt, Tomb,
                  | Pan, Slime:5, Hells, Abyss, Win
     0 | D:1      | 0 ||| PLANNING D:1-11
    21 | D:1      | Reached skill level 2 in Axes
    31 | D:1      | Reached XP level 2. HP: 17/19 MP: 2/2
    52 | D:1      | 52 ||| Stepping ~*~*~tactically~*~*~ (stealth).
   431 | D:1      | Reached skill level 3 in Axes
   582 | D:1      | Reached XP level 3. HP: 23/23 MP: 3/3
   601 | D:1      | Found a faded altar of an unknown god.
  1062 | D:1      | 1062 ||| DROPPING amulet of faith.
  1063 | D:1      | 1063 ||| READING scroll labelled AHUT DAMIORO.
  1064 | D:1      | 1064 ||| READING scroll labelled XOIJEU JYDGHO.
  1065 | D:1      | 1065 ||| READING scroll labelled GUYNUM YHAYQON.
  1066 | D:1      | 1066 ||| READING 3 scrolls labelled JEATIG DOYRUBB.
  1167 | D:1      | 1167 ||| READING scroll labelled DAHEVV NELASOTZ.
  1168 | D:1      | 1168 ||| DROPPING 2 scrolls of silence.
  1312 | D:2      | 1312 ||| DROPPING +0 club.
  1330 | D:2      | 1330 ||| Stepping ~*~*~tactically~*~*~ (stealth).
  1474 | D:2      | 1474 ||| READING scroll labelled EBESHU MOPHUTZ.
  1475 | D:2      | 1475 ||| READING scroll labelled UCER JAACUGH.
  1476 | D:2      | 1476 ||| FLEEEEING.
  1477 | D:2      | 1477 ||| FLEEEEING.
  1478 | D:2      | 1478 ||| FLEEEEING.
  1554 | D:2      | 1554 ||| DRINKING 2 emerald potions.
  1652 | D:2      | 1652 ||| DROPPING potion of berserk rage.
  1662 | D:2      | Reached XP level 4. HP: 28/28 MP: 4/4
  1883 | D:2      | Reached skill level 4 in Axes
  2058 | D:2      | 2058 ||| READING scroll labelled ZIGGU WEFUTYU.
  2103 | D:3      | 2103 ||| STAIRDANCE
  2389 | D:3      | 2389 ||| Stepping ~*~*~tactically~*~*~ (hiding).
  2402 | D:3      | You fall into a shaft and drop 3 floors!
  2469 | D:6      | 2469 ||| Stepping ~*~*~tactically~*~*~ (stealth).
  2487 | D:6      | Noticed a centaur
  2490 | D:6      | HP: 2/28 [centaur/arrow (7)]
  2491 | D:6      | 2491 ||| READING scroll of teleportation.
  2491 | D:6      | Shot with an arrow by a centaur

Levels and vault maps discovered:
D:1:      amcnicky_arrival_gap_in_the_tavern_cellar, layout_basic,
          shapermc_ecumenical_altar_flowoftime
D:2:      layout_basic, hex_large, minmay_crystal_room, minmay_strange_pillars
D:3:      layout_basic, minivault_5, uniq_robin, uniq_jessica
D:6:      cheibrodos_two_vegetables, layout_basic, st_stairs_7

Skill      XL: |  1  2  3  4 |
---------------+-------------+-----
Axes           | 2 3 4 |  4.3
Fighting       | |  3.2
Armour         | |  3.2
Shields        | |  3.2

Action                     |  1- 3 |  4- 6 || total
---------------------------+-------+-------++-------
  Melee: War axe           |   131 |    64 ||   195
    Use: Scroll            |     7 |     2 ||     9
         Potion            |     1 |       ||     1
 Armour: Scale mail        |    91 |    36 ||   127
  Dodge: Dodged            |    58 |    33 ||    91
  Block: Buckler           |    26 |     9 ||    35

Table legend:
 A = Non-vault XP
 B = Vault XP
 C = Vault XP percentage of total XP
 D = Non-vault monster count
 E = Vault monster count
 F = Vault count percentage of total count
                 A         B        C        D         E       F
            +---------+---------+-------+---------+---------+-------
      Total |     145 |       0 |   0.0 |      55 |       0 |   0.0
            +---------+---------+-------+---------+---------+-------
        D:1 |      37 |       0 |   0.0 |      23 |       0 |   0.0
        D:2 |      63 |       0 |   0.0 |      23 |       0 |   0.0
        D:3 |      36 |       0 |   0.0 |       6 |       0 |   0.0
        D:6 |       9 |       0 |   0.0 |       3 |       0 |   0.0
            +---------+---------+-------+---------+---------+-------
